 Dungeon Crawl Stone Soup version 0.20-a0-315-g8346a86 (webtiles) character file.

149 Kidiri the Magician (level 5, 0/28 HPs)
             Began as a Deep Elf Fire Elementalist on Dec 20, 2016.
             Killed by nerve-wracking pain
             ... invoked by an orc priest
              (13 damage)
             ... on level 3 of the Dungeon.
             The game lasted 00:07:57 (2372 turns).

Kidiri the Magician (Deep Elf Fire Elementalist)    Turns: 2372, Time: 00:07:57

Health: 0/28       AC:  3    Str:  5    XL:     5   Next: 9%
Magic:  10/14      EV: 13    Int: 21    God:
Gold:   79         SH:  0    Dex: 15    Spells: 1/14 levels left

rFire  . . .     SeeInvis .     f - +2 short sword (venom)
rCold  . . .     Gourm    .     a - +1 robe
rNeg   . . .     Faith    .     (no shield)
rPois  .         Spirit   .     (no helmet)
rElec  .         Reflect  .     (no cloak)
rCorr  .         Harm     .     (no gloves)
MR     .....                    (no boots)
Stlth  ++........               (no amulet)
                                (no ring)
                                (no ring)

@: no status effects
A: no striking features
a: no special abilities


You were on level 3 of the Dungeon.
You were not hungry.

You visited 1 branch of the dungeon, and saw 3 of its levels.

You collected 79 gold pieces.

Inventory:

Hand Weapons
 f - a +2 short sword of venom (weapon)
Armour
 a - a +1 robe (worn)
Jewellery
 d - an uncursed amulet of faith
Wands
 n - a wand of enslavement (15/24)
Scrolls
 m - a scroll of remove curse
Potions
 e - a potion of resistance
 h - a potion of cure mutation
 i - a potion of haste {unknown}
 j - a potion of curing {unknown}
 k - 2 potions of brilliance {unknown}
Books
 b - a book of Flames

   Spells                             Type                      Level
   a - Flame Tongue                   Conjuration/Fire             1
   b - Throw Flame                    Conjuration/Fire             2
   c - Conjure Flame                  Conjuration/Fire             3
   d - Inner Flame                    Hexes/Fire                   3
   e - Sticky Flame                   Conjuration/Fire             4
   f - Fireball                       Conjuration/Fire             5
Comestibles
 c - 4 bread rations
 g - a beef jerky
 l - 3 chunks of flesh


   Skills:
 - Level 2.4 Dodging
 - Level 2.4 Stealth
 * Level 5.4 Spellcasting
 + Level 2.6 Conjurations
 + Level 4.4 Fire Magic


You had one spell level left.
You knew the following spells:

 Your Spells              Type           Power        Failure   Level  Hunger
a - Flame Tongue          Conj/Fire      ###..        2%          1    None
b - Throw Flame           Conj/Fire      ###...       4%          2    None
c - Conjure Flame         Conj/Fire      ###.....     10%         3    ##.....
d - Inner Flame           Hex/Fire       ##......     14%         3    ##.....
e - Sticky Flame          Conj/Fire      ###.....     28%         4    ####...


Dungeon Overview and Level Annotations

Branches:
Dungeon (3/15)

Altars:
Ru


Message History

Things that are here:
a flail; a war axe; a leather armour There isn't anything to butcher here.
You start resting.
An orc priest comes into view. It is wielding a dagger.
An orc priest is nearby!
Casting: Flame Tongue
Confirm with . or Enter, or press ? or * to list all spells.
You can't see any susceptible monsters within range! (Use Z to cast anyway.) Unknown command.
Casting: Flame Tongue
Confirm with . or Enter, or press ? or * to list all spells.
Aiming: Throw Flame
Press: ? - help, Shift-Dir - straight line, f - orc priest
Aim: an orc priest, wielding a dagger The puff of flame hits the orc priest.
The orc priest is severely wounded.
The orc priest calls down the wrath of Beogh upon you.
Pain shoots through your body!
You die...

#.# #.#### #.#..
#.#.# #.#.##
#....######
#.........######
##...####o....)##
##<## #..###@.#
#.# #..# ##.# #.#
#..# .# ... ....
.# ### ....## ##
###.## #.


You could see an orc priest.

Vanquished Creatures
  An orc priest (D:3)
  8 adders
  A dart slug (D:1)
  3 leopard geckos
  5 orcs (D:3)
  2 giant cockroaches
  4 goblins
  2 hobgoblins
  5 kobolds
  6 bats
  2 frilled lizards (D:2)
  4 rats
43 creatures vanquished.

Notes
Turn   | Place    | Note
-------+----------+-------------------------------------------
     0 | D:1      | Kidiri the Deep Elf Fire Elementalist began the quest for the Orb.
     0 | D:1      | Reached XP level 1. HP: 10/10 MP: 6/6
   285 | D:1      | Reached XP level 2. HP: 12/15 MP: 5/8
   292 | D:1      | Learned a level 2 spell: Throw Flame
   941 | D:2      | Found a sacrificial altar of Ru.
  1182 | D:2      | Reached skill level 4 in Spellcasting
  1182 | D:2      | Reached XP level 3. HP: 19/19 MP: 6/10
  1187 | D:2      | Learned a level 3 spell: Conjure Flame
  1191 | D:2      | Learned a level 3 spell: Inner Flame
  1624 | D:2      | Reached XP level 4. HP: 12/24 MP: 7/12
  2222 | D:3      | Reached skill level 5 in Spellcasting
  2354 | D:3      | Reached XP level 5. HP: 12/28 MP: 9/14
  2360 | D:3      | Learned a level 4 spell: Sticky Flame
  2372 | D:3      | Killed from afar by an orc priest

Vault maps used:
D:1:      scummos_arrival_hexagon, roderic_serpentine_path
D:2:      first_bread, nicolae_ru_sacrificial_ziggurat
D:3:      minmay_misc_feat_rows, goddamned_bats

Skill      XL: |  1  2  3  4 |
---------------+-------------+-----
Spellcasting   | 4 5 |  5.4
Conjurations   | 2 |  2.6
Fire Magic     | 4 |  4.4
Dodging        | |  2.4
Stealth        | |  2.4

Action                   |  1- 3 |  4- 6 || total
-------------------------+-------+-------++-------
Melee: Short sword       |    11 |     8 ||    19
 Cast: Flame Tongue      |    36 |    25 ||    61
       Throw Flame       |     6 |     4 ||    10
       Conjure Flame     |       |     1 ||     1
  Use: Scroll            |     7 |     1 ||     8
 Stab: Sleeping          |     2 |     2 ||     4
  Eat: Chunk             |     2 |     3 ||     5
Armor: Robe              |     8 |     3 ||    11
Dodge: Dodged            |    18 |     5 ||    23
